 Dungeon Crawl Stone Soup version 0.28.0-53-g5a82cb258f (webtiles) character file.

Game seed: 14588684417351010044

38 RevDB the Ruffian (level 3, 0/29 HPs)
             Began as a Draconian Transmuter on June 30, 2022.
             Slain by an orc
             ... wielding a +0 mace
              (4 damage)
             ... on level 1 of the Dungeon.
             The game lasted 00:15:15 (1710 turns).

RevDB the Ruffian (Draconian Transmuter)            Turns: 1710, Time: 00:15:16

Health: 0/29       AC:  5    Str: 14    XL:     3   Next: 25%
Magic:  6/6        EV: 12    Int: 13    God:
Gold:   50         SH:  0    Dex: 11    Spells: 3/6 levels left

rFire   . . .      SeeInvis .     - Unarmed
rCold   . . .      Faith    .   (no shield)
rNeg    . . .      Spirit   .   (armour unavailable)
rPois   .          Reflect  .   (helmet restricted)
rElec   .          Harm     .   (no cloak)
rCorr   .          Rampage  .   (no gloves)
Will    .....                   (no boots)
Stlth   +.........              (no amulet)
HPRegen 0.09/turn               (no ring)
MPRegen 0.10/turn               (no ring)

@: no status effects
A: AC +5, unfitting armour, cold-blooded
a: no special abilities


You were on level 1 of the Dungeon.
You visited 1 branch of the dungeon, and saw 3 of its levels.

You collected 50 gold pieces.

Inventory:

Missiles
 a - 76 stones
 f - 43 bolts
Scrolls
 b - a scroll of identify {unknown}
 d - a scroll of enchant weapon {unknown}
 e - a scroll of teleportation {unknown}
Potions
 c - 2 potions of mutation {unknown}


   Skills:
 * Level 2.0 Fighting
 + Level 2.2 Dodging
 + Level 3.2 Unarmed Combat
 + Level 2.2 Spellcasting
 + Level 2.4 Transmutations


You had 3 spell levels left.
You knew the following spells:

 Your Spells              Type           Power      Damage    Failure   Level
a - Beastly Appendage     Tmut           14%        N/A       10%         1
b - Wereblood             Tmut           7%         N/A       14%         2

Your spell library contained the following spells:

 Spells                   Type           Power      Damage    Failure   Level
 Spider Form              Tmut/Pois      4%         N/A       41%         3
 Ice Form                 Ice/Tmut       4%         N/A       83%         4


Dungeon Overview and Level Annotations

Branches:
Dungeon (3/15)

Altars:


Innate Abilities, Weirdness & Mutations

Your plain brown scales are hard. (AC +5)
You cannot fit into any form of body armour.
You are cold-blooded and may be slowed by cold attacks.


Message History

The orc wizard gestures at you while chanting.
You are confused.
You bump into the rock wall.
You bump into the rock wall.
The orc wizard mumbles some strange words.
The orc wizard flickers and vanishes!
You feel less confused.
You see here a frilled lizard skeleton.
A puff of flame appears from out of thin air!
The puff of flame hits you.
* * * LOW HITPOINT WARNING * * *
The orc misses you.
An orc wizard appears from thin air!
Reactivating autopickup.
The orc wizard casts a spell.
The orc wizard flickers and vanishes!
Deactivating autopickup; reactivate with Ctrl-A.
There is a stone staircase leading up here.
Okay, then.
You climb upwards.
Reactivating autopickup.
There is a stone staircase leading down here.
You are too injured to fight recklessly!
You closely miss the orc. Your punch misses the orc.
The orc hits you with a +0 mace.
You are too injured to fight recklessly!
You are too injured to fight recklessly!
You hit the orc but do no damage. The orc hits you with a +0 mace.
* * * LOW HITPOINT WARNING * * *
Unknown command.
You hit the orc but do no damage. The orc completely misses you.
You hit the orc.
You tail-slap the orc, but do no damage.
The orc is lightly wounded.
The orc hits you with a +0 mace.
* * * LOW HITPOINT WARNING * * *
You hit the orc but do no damage.
The orc is lightly wounded.
The orc hits you with a +0 mace.
You die...

#.# #.# #.#..# #....#.
#.###.###.#..#######....#.
#.........................
#.†...###.......###.....#.
#####.# #.#..######.....#.
#.###........##.....#.
#.....#..###.##.....#.
#.....#..###.#........
###...@o.............#.
#....................#.
#####..##.#..........#.
#########..##.###........#.
#..........................
#########..##..##..........
#..##..##.#......>.
#..##..##..........
#..##..##.#....#..#


You could see an orc.

Vanquished Creatures
  A worm (D:2)
  5 ball pythons
  3 endoplasms (D:1)
  5 hobgoblins
  5 jackals (D:1)
  A quokka (D:2)
  2 frilled lizards
  4 goblins
  2 kobolds (D:1)
  4 rats
32 creatures vanquished.

Notes
Turn   | Place    | Note
-------+----------+-------------------------------------------
     0 | D:1      | RevDB the Draconian Transmuter began the quest for the Orb.
     0 | D:1      | Reached XP level 1. HP: 16/16 MP: 3/3
   262 | D:1      | Reached XP level 2. HP: 20/23 MP: 3/5
   448 | D:1      | Learned a level 2 spell: Wereblood
  1124 | D:2      | Reached XP level 3. HP: 29/29 MP: 4/6
  1710 | D:1      | Slain by an orc

Illustrated notes

Levels and vault maps discovered:
D:1:      lemuel_arrival_cross, layout_basic
D:2:      layout_basic
D:3:      layout_basic, serial_shops, shop_coins,
          shapermc_ecumenical_altar_rom_forum, glass_columns_a

Skill      XL: |  1  2  3 |
---------------+----------+-----
Dodging        | 2 |  2.2
Fighting       | 2 |  2.0
Unarmed Combat | |  3.2
Spellcasting   | |  2.2
Transmutations | |  2.4

Action                   || total
-------------------------++-------
Melee: Unarmed           ||   100
       Kick              ||    12
       Tailslap          ||    15
       Headbutt          ||     7
 Cast: Beastly Appendage ||    18
       Wereblood         ||     1
 Stab: Sleeping          ||     2
Armor: Skin              ||    25
Dodge: Dodged            ||    38
